Map: [ESL] Altitude

Players

HeroMarine

  • Race: Terran Terran
  • Spawn Location: 1:00

SKillous - Winner!

  • Race: Protoss Protoss
  • League: Grandmaster
  • Spawn Location: 7:00

Event: HomeStory Cup XXIII

VOD

Have the link to the VOD?

Description

Time

  • Played on: June 30, 2023, 2 p.m.
  • Length: 11:01

All games in this series

Show
View Real Time Build Order
Export as new Build Order

HeroMarine Terran 

Build Orders:  

Get SALT Encoding   

  12  0:00  SCV  
  13  0:12  SCV  
  14  0:17  Supply Depot  
  14  0:24  SCV  
  15  0:28  Refinery  
  15  0:39  SCV  
  16  0:45  Barracks  
  16  0:51  SCV  
  17  1:03  SCV  
  18  1:15  SCV  
  19  1:31  Marine  
  19  1:32  Orbital Command  
  20  1:38  Factory  
  20  1:47  Supply Depot  
  20  1:50  Barracks Reactor  
  20  1:57  SCV  
  21  2:09  SCV  
  21  2:15  Command Center  
  23  2:28  Hellion x2  
  26  2:34  Starport  
  26  2:36  SCV  
  27  2:41  Supply Depot  
  27  2:50  Hellion  
  29  2:53  Hellion  
  31  3:03  SCV  
  32  3:10  Medivac  
  34  3:15  SCV  
  34  3:18  Marine  
  34  3:19  Marine  
  37  3:25  Factory Tech Lab  
  37  3:27  Orbital Command, SCV, Refinery  
  38  3:36  Marine x2  
  38  3:39  SCV  
  41  3:47  Barracks  
  41  3:49  Orbital Command  
  41  3:51  SCV  
  42  3:55  Cyclone  
  45  4:03  SCV  
  44  4:10  Marine x2  
  44  4:15  SCV  
  44  4:16  SCV  
  46  4:28  SCV x2  
  51  4:34  Barracks  
  51  4:36  Marine x2  
  50  4:40  SCV x2  
  50  4:43  Supply Depot  
  50  4:44  Stimpack  
  52  4:47  Engineering Bay  
  52  4:52  SCV  
  53  4:53  SCV  
  53  4:56  Factory Tech Lab, Starport Reactor  
  54  5:01  Supply Depot  
  54  5:05  Marine x2, SCV x2  
  54  5:06  Marine  
  59  5:13  Terran Infantry Weapons Level 1  
  59  5:17  SCV x2, Refinery  
  61  5:22  Marine x2  
  61  5:23  Missile Turret  
  61  5:24  Marine  
  61  5:28  Marine, Combat Shield  
  64  5:29  SCV x2  
  64  5:31  Missile Turret  
  64  5:35  Supply Depot  
  67  5:38  Medivac  
  67  5:40  Marine  
  70  5:45  SCV  
  70  5:52  Supply Depot  
  70  5:56  Marine x3, Medivac, SCV  
  76  5:57  SCV  
  76  5:58  Marine  
  76  6:00  Factory Reactor  
  76  6:02  Supply Depot  
  78  6:08  SCV  
  78  6:09  SCV  
  78  6:10  Medivac  
  82  6:14  Marine x3  
  82  6:16  Marine  
  86  6:24  Supply Depot  
  86  6:26  Medivac, Supply Depot  
  86  6:32  Marine x3  
  91  6:34  Marine  
  92  6:40  Medivac  
  92  6:44  Widow Mine x2  
  96  6:50  Marine x3  
  96  6:51  Marine  
  93  6:55  SCV x2  
  93  6:56  Medivac  
  92  7:05  Widow Mine  
  92  7:06  Widow Mine  
  92  7:07  Marine x3  
  92  7:08  SCV  
  99  7:13  SCV  
  81  7:23  Marine  
  81  7:25  Marine, Medivac  
  81  7:26  Marauder x2  
  81  7:27  Widow Mine x2  
  90  7:33  Medivac  
  86  7:41  Refinery  
  84  7:44  Command Center  
  84  7:47  Marauder x2  
  84  7:50  Marine x2  
  81  7:52  SCV  
  81  7:53  SCV  
  81  8:02  Barracks  
  81  8:03  Barracks  
  81  8:05  SCV x2, Factory Tech Lab  
  83  8:07  Marine x2  
  83  8:09  Marauder x2  
  89  8:15  Terran Infantry Armor Level 1  
  89  8:17  SCV x2, Medivac x2  
  95  8:25  Marine x2  
  97  8:27  Concussive Shells  
  97  8:29  SCV x2  
  97  8:30  Marauder x2  
  103  8:42  SCV x2  
  103  8:43  Marine x2  
  103  8:47  Viking x2  
  111  8:51  Marauder x2  
  111  8:53  Marine x2  
  111  8:54  SCV  
  118  8:56  SCV  
  118  8:57  Refinery  
  118  9:01  Missile Turret  
  119  9:04  Marauder  
  119  9:09  Factory Reactor  
  121  9:10  Starport  
  121  9:11  Supply Depot  
  121  9:13  Marauder x2, Supply Depot, Marine x4  
  121  9:15  Orbital Command  
  129  9:22  Viking  
  129  9:23  Viking  
  133  9:26  Marine  
  133  9:33  Marine x5  
  133  9:35  Supply Depot  
  133  9:36  Supply Depot  
  138  9:38  Marine  
  138  9:44  Marine  
  140  9:51  Marine  
  140  9:52  Viking  
  143  9:53  Viking  
  143  9:56  Marauder  
  143  9:57  Marauder  
  143  9:59  Ghost Academy  
  149  10:03  Marauder  
  146  10:17  Marauder  
  139  10:22  Viking x3  
  139  10:23  Marauder, Viking  
  139  10:24  Marauder  
  139  10:25  Marine  
  139  10:26  Marine x3  
  149  10:38  Marine  
Show
View Real Time Build Order
Export as new Build Order

SKillous Protoss - Winner!

Build Orders: 1 Gate Expand, Phoenix Opening 

Get SALT Encoding   

  12  0:00  Probe  
  13  0:12  Probe  
  14  0:19  Pylon  
  14  0:24  Probe  
  15  0:37  Gateway  
  15  0:38  Probe (Chrono Boost)  
  16  0:47  Probe (Chrono Boost), Assimilator  
  17  0:52  Probe (Chrono Boost)  
  18  1:04  Probe  
  19  1:16  Probe  
  20  1:24  Cybernetics Core  
  20  1:35  Nexus  
  20  1:42  Pylon  
  20  1:46  Probe  
  21  1:51  Assimilator  
  21  1:58  Probe, Adept (Chrono Boost)  
  24  2:10  Probe (Chrono Boost)  
  25  2:20  Probe (Chrono Boost), Adept  
  28  2:24  Stargate  
  28  2:26  Probe (Chrono Boost)  
  29  2:34  Warp Gate  
  29  2:38  Probe  
  30  2:47  Probe  
  30  2:50  Probe, Adept  
  34  2:59  Shield Battery  
  34  3:00  Shield Battery  
  34  3:03  Probe  
  35  3:09  Phoenix (Chrono Boost)  
  37  3:13  Probe  
  37  3:18  Probe  
  39  3:25  Probe  
  39  3:26  Pylon  
  40  3:29  Phoenix (Chrono Boost)  
  40  3:34  Probe  
  43  3:38  Probe  
  44  3:45  Phoenix (Chrono Boost)  
  44  3:46  Probe  
  47  3:49  Adept (Chrono Boost)  
  47  4:09  Phoenix  
  50  4:10  Probe (Chrono Boost)  
  50  4:11  Probe (Chrono Boost)  
  50  4:22  Probe (Chrono Boost), Assimilator  
  52  4:25  Assimilator  
  52  4:27  Probe (Chrono Boost)  
  52  4:29  Probe (Chrono Boost)  
  53  4:31  Robotics Facility  
  53  4:32  Pylon  
  53  4:35  Probe  
  54  4:47  Pylon  
  54  4:51  Probe (Chrono Boost)  
  54  4:52  Phoenix, Probe (Chrono Boost)  
  58  5:07  Probe x2 (Chrono Boost)  
  60  5:09  Sentry  
  60  5:10  Pylon  
  60  5:14  Probe x2, Gateway  
  62  5:17  Phoenix  
  66  5:23  Robotics Bay  
  66  5:26  Probe  
  66  5:27  Probe  
  68  5:30  Immortal (Chrono Boost)  
  72  5:47  Zealot  
  72  5:49  Pylon  
  74  5:50  Phoenix  
  76  6:03  Observer (Chrono Boost)  
  77  6:07  Nexus  
  77  6:09  Pylon  
  77  6:14  Colossus (Chrono Boost)  
  83  6:19  Probe x2, Shield Battery  
  85  6:27  Phoenix  
  85  6:29  Pylon  
  85  6:31  Probe  
  88  6:33  Extended Thermal Lance  
  88  6:38  Zealot  
  89  6:43  Sentry  
  91  6:48  Probe  
  88  6:57  Phoenix  
  84  7:05  Probe x2  
  84  7:07  Colossus (Chrono Boost)  
  92  7:12  Observer  
  88  7:17  Probe x2  
  80  7:26  Probe  
  80  7:29  Probe  
  76  7:34  Phoenix  
  78  7:39  Probe x2  
  78  7:43  Probe  
  81  7:51  Probe x2  
  81  7:54  Gateway  
  81  7:55  Probe, Gateway  
  81  7:57  Twilight Council  
  84  7:58  Gateway  
  84  8:00  Gateway, Sentry  
  84  8:01  Gateway  
  84  8:02  Forge  
  88  8:07  Probe  
  88  8:08  Colossus (Chrono Boost)  
  94  8:16  Phoenix  
  94  8:19  Sentry  
  97  8:22  Protoss Ground Weapons Level 1 (Chrono Boost)  
  97  8:25  Pylon, Charge (Chrono Boost)  
  97  8:28  Zealot  
  97  8:29  Pylon  
  97  8:31  Observer  
  97  8:33  Nexus  
  99  8:36  Pylon  
  99  8:51  Gateway  
  99  8:54  Phoenix  
  101  8:58  Colossus (Chrono Boost)  
  101  9:01  Shield Battery  
  107  9:02  Zealot  
  107  9:05  Pylon  
  107  9:08  Zealot  
  111  9:14  Zealot x2  
  115  9:23  Observer  
  115  9:30  Pylon, Gateway  
  115  9:31  Phoenix, Gateway  
  117  9:34  Zealot x3  
  122  9:49  Warp Prism (Chrono Boost), Zealot x3  
  130  9:55  Zealot x2  
  130  9:56  Zealot  
  130  9:59  Zealot  
  138  10:03  Zealot  
  124  10:27  Zealot x10  
  142  10:28  Phoenix  
  122  10:47  Zealot x5  
Tags
 
Add a new tag
Caveats
  • Supply blocks, unpowered buildings, or Contaminate may cause inaccurate times.
  • Supply counts are checked every 10 seconds.